 Dungeon Crawl Stone Soup version 0.19.1-1-g22dce08 (webtiles) character file.

627 Alarkh the Chopper (level 7, 0/50 HPs)
             Began as a Demonspawn Skald on Jan 4, 2017.
             Slain by PeterLawrence's ghost (4 damage)
             ... on level 5 of the Dungeon.
             The game lasted 00:07:55 (4844 turns).

Alarkh the Chopper (Demonspawn Skald)               Turns: 4844, Time: 00:07:55

Health: 0/50       AC: 16    Str: 14    XL:     7   Next: 23%
Magic:  1/10       EV: 11    Int: 14    God:
Gold:   228        SH:  0    Dex: 12    Spells: 2 memorised, 6 levels left

rFire  . . .     SeeInvis .     p - +0 hand axe (vamp)
rCold  . . .     Gourm    .     b - +0 leather armour
rNeg   . . .     Faith    .     (no shield)
rPois  .         Spirit   .     (helmet restricted)
rElec  .         Reflect  .     r - +2 cloak
rCorr  .         Harm     .     u - +0 pair of gloves
MR     .....                    (no boots)
Stlth  +.........               n - amulet of magic regeneration
                                (no ring)
                                o - ring of flight

@: infused (expiring), sanguine armour, very slightly contaminated
A: horns 1, dopey 1, sense surroundings 1, strong 1, rot immunity, sanguine
armour 2
a: Evoke Flight


You were on level 5 of the Dungeon.
You were very hungry.

You visited 1 branch of the dungeon, and saw 5 of its levels.

You collected 228 gold pieces.

Inventory:

Hand Weapons
 a - a cursed +0 hand axe
 p - a +0 vampiric hand axe (weapon)
Armour
 b - a +0 leather armour (worn)
 r - a +2 cloak (worn)
 u - a +0 pair of gloves (worn)
Jewellery
 n - an amulet of magic regeneration (around neck)
 o - a ring of flight (left hand)
Scrolls
 e - 2 scrolls of identify
 h - 3 scrolls of magic mapping {unknown}
 i - 5 scrolls of remove curse
 k - a scroll of fog {unknown}
 s - 2 scrolls of amnesia {unknown}
 t - a scroll of immolation {unknown}
Potions
 f - a potion of resistance
 g - a potion of magic
 l - 2 potions of curing
Books
 c - a book of Battle

   Spells                             Type                      Level
   a - Infusion                       Charms                       1
   b - Shroud of Golubria             Charms/Translocation         2
   c - Song of Slaying                Charms                       2
   d - Spectral Weapon                Hexes/Charms                 3
   e - Regeneration                   Charms/Necromancy            3
Comestibles
 j - 3 meat rations
 m - a slice of pizza
 q - 3 bread rations
 v - 2 fruits


   Skills:
 - Level 2.0 Fighting
 + Level 7.4 Axes
 - Level 0.8 Armour
 - Level 0.8 Dodging
 - Level 2.0 Spellcasting
 - Level 2.6 Charms


You had 6 spell levels left.
You knew the following spells:

 Your Spells              Type           Power        Failure   Level  Hunger
a - Infusion              Chrm           #...         12%         1    ##.....
b - Spectral Weapon       Hex/Chrm       #.......     61%         3    ####...


Dungeon Overview and Level Annotations

Branches:
Dungeon (5/15)
 Temple: D:4-7

Altars:
Hepliaklqana
Zin

Annotations:
D:5 PeterLawrence's ghost, novice MiFi


Innate Abilities, Weirdness & Mutations

You have a pair of small horns on your head.
You are immune to rotting.
When seriously injured, your bleeding wounds create thick armour. (AC +9)
You are dopey. (Int -2)
You passively map a small area around you.
Your muscles are strong. (Str +2)


Message History

PeterLawrence's ghost is lightly damaged.
PeterLawrence's ghost hits you!
* * * LOW HITPOINT WARNING * * *
You hit PeterLawrence's ghost.
PeterLawrence's ghost is lightly damaged.
PeterLawrence's ghost hits you!
* * * LOW HITPOINT WARNING * * *
You hit PeterLawrence's ghost.
You headbutt PeterLawrence's ghost, but do no damage.
PeterLawrence's ghost is lightly damaged.
Your magical infusion is running out.
PeterLawrence's ghost hits you but does no damage.
You hit PeterLawrence's ghost but do no damage.
PeterLawrence's ghost is lightly damaged.
PeterLawrence's ghost hits you.
* * * LOW HITPOINT WARNING * * *
You hit PeterLawrence's ghost.
PeterLawrence's ghost is moderately damaged.
PeterLawrence's ghost hits you.
You die...

#...#........#.....######........
#...#........#...................
#...#........#...................
#'########...#...................
.........#...#...........####....
.........###+#.....#######..+....
...................'........#....
................W..#....##..#....
................@(.#....##..#....
...................#....##..#....
.......)...........#........'....
####.....#####..##.##...##..#....
#..#.....# #####.####.##..#....
#..#.....# , ..., ##.'..#....
...#.....# , , .. ###..+....
...#.....# *, , ,... #####....
#..#.....# * , ,#........


You could see PeterLawrence's ghost and a friendly spectral vampiric hand axe.

Vanquished Creatures
  An ogre (D:5)
  A phantom (D:4)
  A centaur (D:5)
  A centaur zombie (D:5)
  A hound (D:4)
  2 orc priests
  A bullfrog skeleton (D:4)
  An orc wizard (D:5)
  Natasha (thrice) (D:3)
  2 iguanas
  Terence (D:2)
  2 worker ants
  A hound skeleton (D:4)
  4 adders
  2 oozes
  A worm (D:2)
  A dart slug (D:2)
  7 leopard geckos
  5 orcs
  A ball python (D:1)
  4 giant cockroaches
  5 hobgoblins (D:1)
  2 jackals (D:5)
  9 kobolds
  A quokka (D:2)
  8 bats
  10 frilled lizards
  10 goblins
  9 rats
97 creatures vanquished.

Notes
Turn   | Place    | Note
-------+----------+-------------------------------------------
     0 | D:1      | Alarkh the Demonspawn Skald began the quest for the Orb.
     0 | D:1      | Reached XP level 1. HP: 16/16 MP: 3/3
    10 | D:1      | Reached skill level 2 in Axes
    72 | D:1      | Gained mutation: When seriously injured, your bleeding wounds create armour. (AC +9) [demonic ancestry]
    72 | D:1      | Reached XP level 2. HP: 13/22 MP: 0/5
   611 | D:1      | Reached skill level 3 in Axes
   721 | D:1      | Reached XP level 3. HP: 16/27 MP: 1/6
  1199 | D:2      | Noticed Terence
  1224 | D:2      | Killed Terence
  1224 | D:2      | Reached skill level 4 in Axes
  1224 | D:2      | Gained mutation: You are immune to rotting. [demonic ancestry]
  1224 | D:2      | Reached XP level 4. HP: 19/33 MP: 2/7
  1311 | D:2      | Found a faded altar of an unknown god.
  1351 | D:2      | Became a worshipper of Hepliaklqana the Forgotten
  1351 | D:2      | Reached * piety under Hepliaklqana
  1352 | D:2      | Fell from the grace of Hepliaklqana
  2463 | D:3      | Noticed Natasha
  2473 | D:3      | Killed Natasha
  2576 | D:3      | Noticed Natasha
  2593 | D:3      | Killed Natasha
  2667 | D:3      | Noticed Natasha
  2693 | D:3      | Killed Natasha
  2833 | D:4      | Was forgiven by Hepliaklqana
  2978 | D:4      | Gained mutation: When seriously injured, your bleeding wounds create thick armour. (AC +9) [demonic ancestry]
  2978 | D:4      | Reached XP level 5. HP: 26/38 MP: 0/8
  3038 | D:4      | Noticed a phantom
  3101 | D:4      | Killed a phantom
  3101 | D:4      | Reached skill level 5 in Axes
  3124 | D:4      | Gained mutation: You have a pair of small horns on your head. [demonic ancestry]
  3124 | D:4      | Reached XP level 6. HP: 22/44 MP: 0/9
  3359 | D:4      | Reached skill level 6 in Axes
  3679 | D:5      | Entered Level 5 of the Dungeon
  3687 | D:5      | Noticed PeterLawrence's ghost (novice MiFi)
  3750 | D:5      | Gained mutation: You passively map a small area around you. [potion of mutation]
  3750 | D:5      | Gained mutation: Your muscles are strong. (Str +2) [potion of mutation]
  3750 | D:5      | Gained mutation: You are dopey. (Int -2) [potion of mutation]
  3751 | D:5      | HP: 1/44 [PeterLawrence's ghost (13)]
  4071 | D:5      | Found a glowing silver altar of Zin.
  4094 | D:5      | Learned a level 3 spell: Spectral Weapon
  4532 | D:5      | Reached skill level 7 in Axes
  4532 | D:5      | Reached XP level 7. HP: 15/50 MP: 3/10
  4844 | D:5      | Slain by PeterLawrence's ghost

Skill      XL: |  1  2  3  4  5  6 |
---------------+-------------------+-----
Axes           | 2 3 4 5 7 |  7.4
Fighting       | |  2.0
Armour         | |  0.8
Dodging        | |  0.8
Spellcasting   | |  2.0
Charms         | |  2.6

Action                   |  1- 3 |  4- 6 |  7- 9 || total
-------------------------+-------+-------+-------++-------
Melee: Hand axe          |   108 |   288 |    21 ||   417
       Headbutt          |       |    14 |     3 ||    17
 Cast: Infusion          |    17 |    42 |     2 ||    61
       Spectral Weapon   |       |       |     1 ||     1
Invok: Renounce Religion |       |     1 |       ||     1
  Use: Potion            |     1 |     5 |       ||     6
       Scroll            |       |     2 |       ||     2
  Eat: Chunk             |     2 |    12 |       ||    14
       Bread ration      |       |     1 |       ||     1
Armor: Leather armour    |    25 |    88 |    19 ||   132
       Skin              |       |    36 |       ||    36
Dodge: Dodged            |    62 |   131 |     7 ||   200
